Unix NetHack Version 5.0.0-0 post-release - last build May 17 2026 04:57:42 (dc50c8380fa5e20985bfe3072449f57b8d9895ef,branch:main).

Game began 2026-05-17 08:52:45, ended 2026-05-17 09:06:53.

GdeVolpiano, lawful female dwarven Cavewoman

                              --
                        ---  -.-
                         .  -...
                        -. |...
                        -. ..{.
       ----             ..#...     -
       |..               ....      |.
       |.-      - |     -...-      |..-+--
      --.|    --..|     |...|      -.....---+--
 --- --..-----...-      +...|         ..G.....|
 |..--.........-   ------...|      -----..{...|
 |...........------|........|----  |((.|...@..--+-   |
 |.............--.--......).|...|  |((.-@.od.........-
 ----.............^..-----..|...|--|((.|.%--|---+-
    |................|   |..|...|..-----..|%..|
    --.<.|...---...|.|   +..--|--.........|[.@|
     ----|..-- ----|.|   |................|[??|
         ----      |.|   |......).........|----
                   ---   --.....--------.--
                          ---..--      ---
                            ----
GdeVolpiano the Aborigine  St:18 Dx:16 Co:14 In:9 Wi:9 Ch:9  Lawful
Dlvl:5  $:25 HP:0(30) Pw:6(6) AC:4  Xp:3 T:1260 

Latest messages:
 You see here a whistle called tin (for sale, 13 zorkmids).
 You stop.  Slasher is in the way!
 You swap places with the peaceful watchman.
 The door opens.
 "Hello, GdeVolpiano!  Welcome to Ouiatchouane's general store!"
 You hit the lichen.
 You kill the lichen!
 You see here a lichen corpse (for sale, 16 zorkmids).
 You see here a leather armor (for sale, 7 zorkmids).
 You see here a pair of riding boots (for sale, 107 zorkmids).
 You see here a scroll labeled GARVEN DEH (for sale, 107 zorkmids).
 #
 (For instructions type a '?')
 You see here a scroll labeled ANDOVA BEGARIN (for sale, 267 zorkmids).
 #
 (For instructions type a '?')
 You see here a scroll called earc1 (for sale, 107 zorkmids).
 #
 (For instructions type a '?')
 You stop.  Slasher is in the way!
 You see here a crude ring mail (for sale, 120 zorkmids).
 Slasher picks up a tin.
 Slasher drops a tin.
 Slasher picks up a tin.
 The hill orc hits!
 You hit the hill orc.
 You hit the hill orc.
 The hill orc hits!
 The hill orc hits!
 You kill the hill orc!
 The hill orc hits!
 You miss the hill orc.
 The hill orc hits!
 Slasher bites the hill orc.
 The hill orc misses Slasher.
 Slasher misses the hill orc.
 You hit the hill orc.
 The hill orc hits!
 Slasher misses the hill orc.
 You hit the hill orc.
 The hill orc hits!
 Slasher misses the hill orc.
 Slasher bites the hill orc.
 You hit the hill orc.
 The hill orc hits!
 You die...
 Ouiatchouane looks at your corpse and sighs.
 Do you want your possessions identified? [ynq] (y)
 Do you want to see your attributes? [ynq] (y)
 Do you want an account of creatures vanquished? [ynaq] (y)

Inventory:
 Coins    ('$')
  $ - 25 gold pieces
 Weapons  (')')
  b - a +2 sling
  y - a cursed -5 aklys (tethered to right hand)
  a - a +1 club (alternate weapon; not wielded)
 Armor    ('[')
  t - an uncursed +0 pair of iron shoes (being worn)
  u - an uncursed +2 dwarvish cloak (being worn)
  e - an uncursed +0 leather armor (being worn)
 Comestibles  ('%')
  p - a cursed fig
  s - 3 uncursed food rations
  o - an uncursed lichen corpse
 Potions  ('!')
  g - 3 uncursed potions of healing
  q - an uncursed potion of paralysis
  n - an uncursed potion of restore ability
 Tools    ('(')
  k - an uncursed lock pick
  j - an uncursed magic whistle
  x - an uncursed partly used tallow candle
  h - a cursed partly used tallow candle
  i - a cursed tallow candle
  l - a cursed wax candle
 Gems/Stones  ('*')
  m - an uncursed dilithium crystal
  w - 2 uncursed worthless pieces of orange glass
  v - an uncursed worthless piece of red glass
  r - an uncursed worthless piece of yellowish brown glass
  c - 10 uncursed flint stones (in quiver pouch)

GdeVolpiano the Cavewoman's attributes:

Background:
 You were an Aborigine, a level 3 dwarven Cavewoman.
 You were lawful, nominally on a mission for Anu
 who was opposed by Ishtar (neutral) and Anshar (chaotic).
 You were right-handed.
 You were in the Gnomish Mines, on level 5.
 You entered the dungeon 1260 turns ago.
 There was a new moon in effect when your adventure ended.
 You had 65 experience points, 15 more were needed to attain level 4.

Basics:
 You had 0 out of 30 hit points.
 You had all 6 energy points (spell power).
 Your armor class was 4.
 Your wallet contained 25 zorkmids.
 Autopickup was on for '$?!/="+' plus thrown, with exceptions.

Final Characteristics:
 Your strength was 18 (limit:18/100).
 Your dexterity was 16 (limit:20).
 Your constitution was 14 (limit:20).
 Your intelligence was 9 (limit:16).
 Your wisdom was 9 (limit:16).
 Your charisma was 9 (limit:16).

Final Status:
 You weren't hungry.
 You were unencumbered.
 You were wielding a club.
 You had basic skill with club.

Final Attributes:
 You were devoutly aligned.
 Your items were somewhat protected from fire.
 Your items were somewhat protected from cold.
 You had infravision.
 You were warded.
 You are dead.

Miscellaneous:
 You didn't encounter any bones levels.
 Total elapsed playing time was 8 minutes and 33 seconds.

Major events:
 Turn
    1: GdeVolpiano the lawful dwarven Cavewoman entered the dungeon
  569: entered the Gnomish Mines
  988: attained the rank of Aborigine (level 3)
 1110: reached Mine Town
 1260: killed by a hill orc

You didn't know any spells.

Skills:
 Fighting Skills
   bare handed combat [Basic]
 Weapon Skills
   dagger             [Unskilled]
   knife              [Unskilled]
   axe                [Unskilled]
   pick-axe           [Unskilled]
   club               [Basic]
   mace               [Unskilled]
   morning star       [Unskilled]
   flail              [Unskilled]
   hammer             [Unskilled]
   quarterstaff       [Unskilled]
   polearms           [Unskilled]
   spear              [Unskilled]
   trident            [Unskilled]
   bow                [Unskilled]
   sling              [Basic]
   boomerang          [Unskilled]
   unicorn horn       [Unskilled]
 Spellcasting Skills
   attack spells      [Unskilled]
   matter spells      [Unskilled]

Voluntary challenges:
 Character rerolling was not enabled.
 You were an atheist.
 You never genocided any monsters.
 You never polymorphed an object.
 You never changed form.
 You used no wishes.
Achievements:
 You entered a shop.
 You entered the Gnomish Mines.
 You attained the rank of Aborigine.
 You entered Minetown.

 The Dungeons of Doom: levels 1 to 3
    Level 1:
       An altar, a sink.
    Level 2:
       A potion shop, a fountain.
       Stairs down to The Gnomish Mines.
    Level 3:
 The Gnomish Mines: levels 3 to 5
    Level 3:
    Level 4:
    Level 5: <- You were here.
       Some shops, some fountains, a tree.
       Final resting place for
          you, killed by a hill orc.


Vanquished creatures:
  2 gnome leaders
  a floating eye
  a dwarf
  a hill orc
 an iguana
 an acid blob
  a hobbit
 13 gnomes
  a gecko
  3 jackals
  a fox
  a kobold
  2 sewer rats
  a grid bug
  3 lichens
  a kobold zombie
  5 newts
39 creatures vanquished.

No species were genocided or became extinct.

Game over:
                       ----------
                      /          \
                     /    REST    \
                    /      IN      \
                   /     PEACE      \
                  /                  \
                  |   GdeVolpiano    |
                  |      25 Au       |
                  | killed by a hill |
                  |       orc        |
                  |                  |
                  |                  |
                  |       2026       |
                 *|     *  *  *      | *
        _________)/\\_//(\/(/\)/\//\/|_)_______

Goodbye GdeVolpiano the Cavewoman...

You died in The Gnomish Mines on dungeon level 5 with 493 points,
and 25 pieces of gold, after 1260 moves.
You were level 3 with a maximum of 30 hit points when you died.

